 Dungeon Crawl Stone Soup version 0.23.1 (webtiles) character file.

Game seed: 8335872786894322170

121 Borgoz the Skirmisher (level 5, 0/45 HPs)
             Began as a Ghoul Warper on Mar 7, 2019.
             Slain by a goblin (3 damage)
             ... led by Robin
             ... on level 3 of the Dungeon.
             The game lasted 00:03:12 (2289 turns).

Borgoz the Skirmisher (Ghoul Warper)                Turns: 2289, Time: 00:03:14

Health: 0/45       AC:  3    Str: 20    XL:     5   Next: 5%
Magic:  7/7        EV: 12    Int:  8    God:
Gold:   109        SH:  0    Dex:  9    Spells: 7/9 levels left

rFire    . . .     SeeInvis +     - Unarmed
rCold    + . .     Gourm    .   (no shield)
rNeg     + + +     Faith    .   a - +0 leather armour
rPois    ∞         Spirit   .   (no helmet)
rElec    .         Reflect  .   (no cloak)
rCorr    .         Harm     .   (no gloves)
MR       .....                  (no boots)
Stlth    +.........             (no amulet)
HPRegen  0.00/turn              q - ring of see invisible
MPRegen  0.10/turn              (no ring)

@: mighty, rotting
A: rotting body, claws 1, carnivore, cold resistance 1, negative energy
resistance 3, inhibited regeneration, torment resistance, unbreathing
a: no special abilities


You were on level 3 of the Dungeon.
You were not hungry.

You visited 1 branch of the dungeon, and saw 3 of its levels.

You collected 109 gold pieces.

Inventory:

Missiles
 d - 5 tomahawks of dispersal
 g - 8 javelins (quivered)
 j - 5 tomahawks of returning
Armour
 a - a +0 leather armour (worn)
Jewellery
 q - a ring of see invisible (left claw)
Wands
 r - a wand of iceblast (3)
Scrolls
 b - 2 scrolls of fog {unknown}
 c - 2 scrolls of blinking
 h - 4 scrolls of teleportation {unknown}
 l - 3 scrolls of identify {unknown}
 m - a scroll of remove curse {unknown}
 n - a scroll of enchant armour {unknown}
 p - a scroll of enchant weapon {unknown}
 s - a scroll of immolation {unknown}
Comestibles
 f - 8 rations


   Skills:
 + Level 3.1 Fighting
 - Level 0.8 Throwing
 + Level 1.9 Armour
 + Level 2.5 Dodging
 + Level 3.0 Unarmed Combat
 + Level 2.5 Spellcasting
 - Level 2.6 Translocations


You had 7 spell levels left.
You knew the following spells:

 Your Spells              Type           Power        Failure   Level  Hunger
a - Blink                 Tloc           N/A          21%         2    ###....

Your spell library contained the following spells:

 Spells                   Type           Power        Failure   Level  Hunger
 Shroud of Golubria       Chrm/Tloc      #.........   34%         2    ###....
 Gell's Gravitas          Tloc           #.........   36%         3    ####...
 Lesser Beckoning         Tloc           #.........   36%         3    ####...
 Teleport Other           Tloc           #.......     36%         3    ####...
 Passage of Golubria      Tloc           N/A          78%         4    #####..


Dungeon Overview and Level Annotations

Branches:
Dungeon (3/15)

Altars:
Ru

Annotations:
D:3 Robin


Innate Abilities, Weirdness & Mutations

Your body is rotting away.
You thrive on raw meat.
You are immune to poison.
You have sharp fingernails.
You are carnivorous and can eat meat at any time.
Your flesh is cold resistant. (rC+)
You are immune to negative energy. (rN+++)
You do not regenerate when monsters are visible.
You are immune to unholy pain and torment.
You can survive without breathing.


Message History

The goblin misses you. The goblin barely misses you.
Robin throws the goblin at you!
* * * LOW HITPOINT WARNING * * *
The goblin hits you.
* * * LOW HITPOINT WARNING * * *
You barely miss the goblin. Robin throws the goblin at you!
The goblin barely misses you. x2
You claw the goblin!
You kill the goblin!
The kobold barely misses you. The goblin closely misses you.
The goblin no longer looks unusually strong.
The goblin hits you.
* * * LOW HITPOINT WARNING * * *
The goblin completely misses you.
Robin roars a battlecry!
The goblin goes into a battle-frenzy!
You closely miss the goblin. The goblin hits you but does no damage.
You closely miss the goblin. The goblin hits you.
You die...

##.#...#...#...#...#
#....#...#...#...#..
#..#...#...#...#...#
#....#...#...#...#..
#..#...#...#...#...#
#.#).#...#...#...#..
#.###..#...#...#...#
#.#####..#...#...#..
#..@ggK....#)).#....
########....÷#.....#
###.))....###
###.(.### #####


You could see Robin, a goblin and a kobold.

Vanquished Creatures
  An orc wizard (D:3)
  3 adders
  4 dart slugs
  3 leopard geckos
  2 orcs (D:3)
  3 giant cockroaches
  6 hobgoblins
  2 bats
  3 frilled lizards
  10 goblins
  9 kobolds
  6 rats
52 creatures vanquished.

Vanquished Creatures (others)
  A kobold (D:1)
1 creature vanquished.

Grand Total: 53 creatures vanquished

Notes
Turn   | Place    | Note
-------+----------+-------------------------------------------
     0 | D:1      | Borgoz the Ghoul Warper began the quest for the Orb.
     0 | D:1      | Reached XP level 1. HP: 17/17 MP: 2/2
    92 | D:1      | Reached skill level 1 in Armour
   306 | D:1      | Reached XP level 2. HP: 18/25 MP: 3/3
  1046 | D:2      | Reached XP level 3. HP: 19/30 MP: 5/5
  1206 | D:2      | Found a sacrificial altar of Ru.
  1712 | D:2      | Reached XP level 4. HP: 29/37 MP: 6/6
  1722 | D:2      | Learned a level 2 spell: Blink
  2239 | D:3      | Noticed Robin
  2252 | D:3      | Reached XP level 5. HP: 18/45 MP: 7/7
  2266 | D:3      | HP: 1/44 [Robin/+0 dagger (4)]
  2289 | D:3      | Slain by a goblin

Skill      XL: |  1  2  3  4 |
---------------+-------------+-----
Armour         | 1 |  1.9
Dodging        | 2 |  2.5
Spellcasting   | 2 |  2.5
Fighting       | 3 |  3.1
Unarmed Combat | 3 |  3.0
Throwing       | |  0.8
Translocations | |  2.6

Action                   |  1- 3 |  4- 6 || total
-------------------------+-------+-------++-------
Melee: Unarmed           |   126 |    66 ||   192
Throw: Javelin           |     1 |       ||     1
  Use: Potion            |       |     5 ||     5
  Eat: Chunk             |     6 |     3 ||     9
Armor: Leather armour    |    23 |    24 ||    47
Dodge: Dodged            |    69 |    61 ||   130
